Map: [ESL] Cosmic Sapphire

Players

Gerald

  • Race: Protoss Protoss
  • Spawn Location: 11:00

Krystianer - Winner!

  • Race: Protoss Protoss
  • Spawn Location: 5:00

Event: DreamHack SC2 Masters 2022 Atlanta (Online)

VOD

Have the link to the VOD?

Description

Time

  • Played on: Oct. 12, 2022, 1:16 p.m.
  • Length: 9:30

All games in this series

Show
View Real Time Build Order
Export as new Build Order

Gerald Protoss 

Build Orders: Oracle Opening 

Get SALT Encoding   

  12  0:00  Probe  
  13  0:12  Probe  
  14  0:17  Pylon  
  14  0:24  Probe (Chrono Boost)  
  16  0:37  Gateway, Probe (Chrono Boost)  
  16  0:43  Probe (Chrono Boost)  
  16  0:45  Assimilator  
  17  0:51  Probe  
  17  0:54  Assimilator  
  18  1:03  Probe (Chrono Boost)  
  19  1:07  Gateway  
  19  1:13  Probe (Chrono Boost)  
  19  1:18  Probe (Chrono Boost)  
  20  1:25  Cybernetics Core  
  21  1:29  Probe  
  22  1:38  Pylon  
  22  1:41  Probe  
  23  2:01  Stargate  
  24  2:02  Stalker  
  27  2:09  Probe, Stalker  
  27  2:15  Pylon  
  28  2:17  Warp Gate  
  28  2:25  Probe  
  28  2:27  Pylon  
  29  2:37  Probe  
  29  2:46  Shield Battery, Oracle (Chrono Boost)  
  29  2:50  Probe  
  33  3:03  Probe  
  37  3:26  Nexus  
  37  3:33  Pylon  
  37  3:38  Twilight Council  
  37  3:41  Pylon  
  34  3:51  Probe  
  35  4:05  Gateway, Stalker  
  37  4:10  Shield Battery, Stalker  
  39  4:20  Pylon  
  39  4:26  Probe  
  39  4:31  Stalker  
  34  4:39  Stalker  
  34  4:41  Probe  
  38  4:56  Stalker  
  38  4:59  Stalker  
  41  5:00  Probe  
  41  5:01  Probe  
  41  5:08  Stalker  
  41  5:12  Probe  
  41  5:13  Probe  
  43  5:19  Stalker  
  43  5:25  Probe, Stalker  
  43  5:27  Stalker  
  48  5:31  Blink (Chrono Boost)  
  49  5:38  Stalker  
  49  5:39  Probe  
  49  5:41  Probe  
  52  5:47  Robotics Facility  
  52  5:51  Probe  
  52  5:53  Probe  
  54  6:02  Adept x2  
  54  6:03  Probe  
  59  6:06  Assimilator  
  59  6:07  Gateway  
  59  6:10  Probe  
  60  6:14  Stalker  
  60  6:16  Probe  
  63  6:22  Probe  
  64  6:29  Probe  
  65  6:33  Forge  
  65  6:34  Probe  
  65  6:35  Observer (Chrono Boost)  
  65  6:40  Pylon  
  65  6:41  Probe  
  65  6:42  Stalker x2  
  65  6:59  Probe  
  67  7:14  Nexus  
  66  7:15  Probe  
  66  7:20  Observer (Chrono Boost)  
  68  7:29  Robotics Bay  
  61  7:42  Probe (Chrono Boost)  
  59  7:46  Probe (Chrono Boost), Stalker x2  
  61  7:54  Probe (Chrono Boost)  
  61  7:58  Probe (Chrono Boost)  
  61  7:59  Probe (Chrono Boost)  
  61  8:04  Immortal (Chrono Boost)  
  62  8:06  Probe  
  62  8:09  Probe  
  68  8:16  Assimilator  
  68  8:18  Robotics Facility, Probe  
  69  8:21  Probe  
  68  8:27  Stalker  
  68  8:31  Probe  
  68  8:33  Probe  
  60  8:42  Stalker x3  
  60  8:43  Probe  
  60  8:45  Probe  
  58  8:52  Stalker  
  58  8:55  Probe  
  50  9:00  Probe  
  38  9:10  Stalker x3  
  38  9:12  Probe x2  
Show
View Real Time Build Order
Export as new Build Order

Krystianer Protoss - Winner!

Build Orders:  

Get SALT Encoding   

  12  0:00  Probe  
  13  0:12  Probe  
  14  0:16  Pylon  
  14  0:24  Probe (Chrono Boost)  
  16  0:36  Probe (Chrono Boost), Gateway  
  16  0:43  Probe (Chrono Boost)  
  16  0:46  Assimilator  
  17  0:50  Probe  
  17  0:54  Assimilator  
  18  1:03  Probe (Chrono Boost)  
  19  1:06  Gateway  
  20  1:12  Probe (Chrono Boost)  
  20  1:17  Probe (Chrono Boost)  
  20  1:24  Cybernetics Core  
  21  1:29  Probe  
  22  1:35  Pylon  
  22  1:41  Probe  
  23  1:53  Probe  
  24  1:58  Warp Gate (Chrono Boost)  
  24  2:00  Adept x2  
  28  2:05  Probe  
  29  2:13  Pylon  
  29  2:30  Stalker  
  29  2:31  Stalker  
  33  2:48  Nexus  
  33  2:55  Shield Battery  
  33  3:02  Stalker  
  35  3:09  Stalker  
  37  3:14  Probe  
  38  3:24  Pylon  
  38  3:27  Shield Battery  
  38  3:31  Probe  
  39  3:43  Twilight Council  
  40  3:49  Stalker  
  40  3:50  Stalker  
  40  3:51  Probe (Chrono Boost)  
  46  4:03  Probe x2 (Chrono Boost)  
  46  4:12  Probe x2 (Chrono Boost)  
  48  4:17  Probe (Chrono Boost)  
  48  4:18  Probe (Chrono Boost)  
  48  4:19  Stalker  
  48  4:22  Stalker  
  54  4:27  Probe  
  54  4:29  Probe  
  56  4:37  Robotics Facility  
  52  4:44  Stalker  
  52  4:45  Stalker  
  56  4:49  Probe (Chrono Boost)  
  58  4:54  Dark Shrine  
  58  4:55  Probe (Chrono Boost)  
  58  4:59  Pylon  
  59  5:02  Probe x2 (Chrono Boost)  
  58  5:12  Probe  
  55  5:17  Stalker  
  55  5:18  Stalker  
  55  5:21  Warp Prism (Chrono Boost)  
  60  5:22  Assimilator  
  60  5:23  Blink (Chrono Boost)  
  61  5:32  Probe  
  62  5:36  Shield Battery  
  62  5:41  Gateway  
  62  5:43  Probe  
  63  5:50  Observer  
  63  5:51  Stalker x2  
  68  5:57  Pylon  
  68  6:00  Pylon  
  68  6:12  Gateway  
  68  6:15  Gateway  
  68  6:20  Gateway  
  68  6:23  Probe  
  68  6:28  Dark Templar x2  
  72  6:34  Gateway  
  72  6:44  Stalker  
  74  6:53  Probe  
  73  6:54  Probe  
  73  7:00  Nexus  
  74  7:01  Stalker x2  
  74  7:05  Pylon  
  78  7:11  Pylon  
  78  7:12  Pylon  
  78  7:23  Probe  
  78  7:26  Stalker x3  
  78  7:27  Probe  
  86  7:35  Probe  
  87  7:37  Pylon  
  84  7:45  Probe  
  84  7:46  Stalker x3  
  90  8:00  Forge  
  90  8:02  Stalker x2  
  90  8:04  Probe  
  95  8:15  Observer (Chrono Boost)  
  96  8:23  Stalker x3  
  96  8:24  Probe  
  96  8:26  Probe  
  102  8:29  Probe  
  97  8:37  Probe  
  97  8:38  Probe  
  93  8:46  Stalker x3  
  93  8:47  Stalker x2  
  101  8:49  Probe x2  
  101  8:52  Probe  
  100  8:58  Zealot x2  
  98  9:10  Stalker x2  
  98  9:11  Stalker x2  
  98  9:17  Probe  
Tags
 
Add a new tag
Caveats
  • Supply blocks, unpowered buildings, or Contaminate may cause inaccurate times.
  • Supply counts are checked every 10 seconds.